 Dungeon Crawl Stone Soup version 0.31-a0-489-g282fc92437 (webtiles) character file.

Game seed: 1763585420084295130

4 Ethylacetat the Ducker (level 1, -3/14 HPs)
             Began as an Octopode Gladiator on Aug 8, 2023.
             Slain by a kobold
             ... wielding a +0 short sword
              (5 damage)
             ... on level 1 of the Dungeon.
             The game lasted 00:00:08 (72 turns).

Ethylacetat the Ducker (Octopode Gladiator)           Turns: 72, Time: 00:00:09

Health: -3/14      AC:  1    Str: 13    XL:     1   Next: 60%
Magic:  1/1        EV: 13    Int: 10    God:
Gold:   11         SH:  0    Dex: 13    Spells: 0/0 levels left

rFire   . . .        a - +0 rapier
rCold   . . .        (no shield)
rNeg    . . .        b - +0 hat
rPois   .            (no amulet)
rElec   .            (no ring)
rCorr   .            (no ring)
SInv    .            (no ring)
Will    .....        (no ring)
Stlth   ++           (no ring)
HPRegen 0.22/turn    (no ring)
MPRegen 0.07/turn    (no ring)
                     (no ring)

%: no passive effects
@: no status effects
A: almost no armour, amphibious, 8 rings, camouflage 1, gelatinous body 1,
(nimble swimmer 1), tentacles
a: no special abilities


You were on level 1 of the Dungeon.
You visited 1 branch of the dungeon, and saw 1 of its levels.

You collected 11 gold pieces.

Inventory:

Hand Weapons
 a - a +0 rapier (weapon)
Missiles
 c - 3 throwing nets (quivered)
 d - a javelin
Armour
 b - a +0 hat (worn)


   Skills:
 + Level 2.1 Fighting
 + Level 3.0 Short Blades
 + Level 2.1 Throwing
 + Level 3.0 Dodging


You couldn't memorise any spells.
You didn't know any spells.
Your spell library was empty.

Dungeon Overview and Level Annotations

Branches:
Dungeon (1/15)

Altars:


Innate Abilities, Weirdness & Mutations

You cannot wear most types of armour.
You are amphibious.
You can wear up to eight rings at the same time.
Your skin changes colour to match your surroundings (Stealth+).
Your rubbery body absorbs attacks. (AC +1, EV +1)
((You are camouflaged when in or above water. (Stealth+)))
You have tentacles for arms and can constrict up to eight enemies at once.


Message History

You constrict the hobgoblin, but do no damage.
The hobgoblin closely misses you.
There are monsters nearby!
You hit the hobgoblin but do no damage.
The hobgoblin is lightly wounded.
You constrict the hobgoblin, but do no damage.
The hobgoblin closely misses you.
There are monsters nearby!
You hit the hobgoblin but do no damage.
The hobgoblin is lightly wounded.
You constrict the hobgoblin. The hobgoblin hits you.
There are monsters nearby!
You hit the hobgoblin.
You kill the hobgoblin!
There are monsters nearby!
You hit the hobgoblin but do no damage. Your grab misses the hobgoblin.
The kobold closely misses you. The hobgoblin barely misses you.
You hit the hobgoblin but do no damage. You grab the hobgoblin.
You constrict the hobgoblin. The kobold barely misses you.
The hobgoblin hits you.
There are monsters nearby!
You are too injured to fight recklessly!
There are monsters nearby!
You are too injured to fight recklessly!
There are monsters nearby!
You are too injured to fight recklessly!
There are monsters nearby!
You are too injured to fight recklessly!
You hit the hobgoblin but do no damage.
The hobgoblin is moderately wounded.
You constrict the hobgoblin.
The kobold hits you with a +0 short sword.
The hobgoblin misses you.
Unknown command.
You hit the hobgoblin but do no damage.
The hobgoblin is severely wounded.
You constrict the hobgoblin. The hobgoblin hits you.
* * * LOW HITPOINT WARNING * * *
The kobold hits you with a +0 short sword.
You die...

#.# ..#####.#
#.## .........
#... .........
#..# #........
#..# #........
#..# #........
#).###.g......
#..†..@K......
#...###.......
######...#
#######
###†.......#
#...########
#.### #.# #.#
#.# ###


You could see a hobgoblin and a kobold.

Vanquished Creatures
  A giant cockroach (D:1)
  A hobgoblin (D:1)
  A kobold (D:1)
  A rat (D:1)
4 creatures vanquished.

Notes
Turn   | Place    | Note
-------+----------+-------------------------------------------
     0 | D:1      | Ethylacetat the Octopode Gladiator began the quest for the
                  | Orb.
     0 | D:1      | Reached XP level 1. HP: 14/14 MP: 1/1
    72 | D:1      | Slain by a kobold

Illustrated notes

Levels and vault maps discovered:
D:1:      nagdon_arrival_zigzag_paths, layout_basic,
          wander_ebering_terrifying_dragon_lair

Action                     || total
---------------------------++-------
  Melee: Rapier            ||    12
         Constrict         ||     2
   Stab: Sleeping          ||     1
  Dodge: Dodged            ||     8

Table legend: (Time is in decaauts)
 A = Elapsed time spent in this place.
 B = Non-inter-level travel time spent in this place.
 C = Inter-level travel time spent in this place.
 D = Time resting spent in this place.
 E = Time spent auto-exploring this place.
 F = Levels seen in this place.
 G = Mean time per level.
                   A        B        C        D        E       F      G
               +--------+--------+--------+--------+--------+-----+--------+
         Total |     72 |     72 |      0 |      0 |     49 |   1 |   72.0 |
       Dungeon |     72 |     72 |      0 |      0 |     49 |   1 |   72.0 |
               +--------+--------+--------+--------+--------+-----+--------+

Top non-repeatable levels by time:
     D:1: 72 daAuts
